 Dungeon Crawl Stone Soup version 0.18.1-47-g9310371 (webtiles) character file.

21190 Gargoyl the Protected (level 12, -3/94 HPs)
             Began as a Demonspawn Abyssal Knight on June 20, 2016.
             Was the Champion of Lugonu.
             Killed from afar by a deep elf mage (15 damage)
             ... with a bolt of lightning
             ... on level 1 of the Elven Halls.
             The game lasted 00:39:46 (13785 turns).

Gargoyl the Protected (Demonspawn Abyssal Knight)  Turns: 13785, Time: 00:39:46

Health: -3/94      AC: 30    Str: 17    XL:     12   Next: 52%
Magic:  15/15      EV:  2    Int: 14    God:    Lugonu [******]
Gold:   428        SH: 13    Dex: 13    Spells: 0 memorised, 11 levels left

rFire  . . .     SeeInvis .     g - +4 hand axe of Uncomfortable Rashes {elec, rN+}
rCold  + . .     Gourm    .     A - +0 plate armour
rNeg   + . .     Faith    .     h - +1 buckler
rPois  .         Spirit   .     (helmet restricted)
rElec  .         Dismiss  .     E - +2 cloak
rCorr  .         Reflect  +     (no gloves)
SustAt .         Harm     .     B - +2 pair of boots
MR     +....                    b - +6 amulet of reflection
Stlth  ..........               (no ring)
                                o - ring of protection from magic

@: somewhat resistant to hostile enchantments, extremely unstealthy
A: horns 2, talons 1, iridescent scales 3, cold resistance 1, demonic guardian
1, deterioration 1, wild magic 1, evolution 1, freezing cloud immunity
a: Depart the Abyss, Bend Space, Banish, Corrupt, Enter the Abyss, Brand Weapon
With Distortion, Renounce Religion


You were on level 1 of the Elven Halls.
You worshipped Lugonu.
Lugonu was exalted by your worship.
You were not hungry.

You visited 3 branches of the dungeon, and saw 13 of its levels.
You visited the Abyss 1 time.

You collected 1242 gold pieces.
You spent 814 gold pieces at shops.

Inventory:

Hand Weapons
 g - the +4 hand axe of Uncomfortable Rashes (weapon) {elec, rN+}
   (You found it on level 5 of the Dungeon)

   Occasionally, upon striking a foe, it will discharge some electrical energy
   and cause terrible harm.
   It protects you from negative energy.
Missiles
 d - 8 poisoned tomahawks (quivered)
 n - 9 tomahawks
 w - 3 tomahawks of returning
 D - 4 javelins
Armour
 h - a +1 buckler (worn)
 A - a +0 plate armour (worn)
 B - a +2 pair of boots (worn)
 E - a +2 cloak (worn)
Jewellery
 b - a +6 amulet of reflection (around neck)
 o - a ring of protection from magic (left hand)
Wands
 e - a wand of flame (36/48)
 f - a wand of iceblast (7/15)
 t - a wand of flame (30/48)
 u - a wand of digging (6/24)
 z - a wand of confusion (12/48)
 C - a wand of lightning (12/15)
 F - a wand of flame (5/48)
 H - a wand of flame (1/48)
 I - a wand of digging (14/24)
Scrolls
 i - a scroll of enchant weapon
 j - 8 scrolls of identify
 k - 5 scrolls of remove curse
 m - 7 scrolls of teleportation
 s - 3 scrolls of recharging
Potions
 q - a potion of haste
 r - 3 potions of curing
 v - 3 potions of agility
 x - a potion of cancellation
Books
 y - a book of Cantrips

   Spells                             Type                      Level
   a - Corona                         Hexes                        1
   b - Animate Skeleton               Necromancy                   1
   c - Summon Small Mammal            Summoning                    1
   d - Apportation                    Translocation                1
Miscellaneous
 l - a plain deck of wonders {drawn: 2}
Comestibles
 a - a chunk of flesh
 c - 10 bread rations
 p - 6 meat rations


   Skills:
 + Level 8.4 Fighting
 + Level 9.3 Axes
 * Level 11.9 Armour
 + Level 3.1 Dodging
 + Level 1.2 Stealth
 + Level 9.3 Shields
 + Level 4.1 Invocations
 + Level 0.2 Evocations


You had 11 spell levels left.
You didn't know any spells.

Dungeon Overview and Level Annotations

Branches:
Dungeon (10/15)            Temple (0/1) D:6             Orc (2/2) D:9
    Elf (1/3) Orc:2
   Lair: D:8-11

Altars:
Cheibriados
Elyvilon
Fedhas
Kikubaaqudgha
Makhleb
Okawaru
Pakellas
Ru
Sif Muna
Trog
Vehumet
Zin

Shops:
D:6 ?   D:9 }   Orc:2 ?!*}


Innate Abilities, Weirdness & Mutations

You have a pair of horns on your head.
You are completely covered in iridescent scales (AC +8).
Your flesh is cold resistant.
A weak demonic guardian rushes to your aid.
You are immune to freezing clouds.
You have sharp toenails.
Your body sometimes deteriorates upon taking damage.
Your spells are a little harder to cast, but a little more powerful.
You evolve.


Message History

The deep elf mage gestures wildly while chanting.
The deep elf mage blinks!
You see here 2 arrows.
The battlesphere is engulfed in roaring flames.
Your ufetubus hits the deep elf mage but does no damage. x2
The fire elemental barely misses your ufetubus.
The deep elf mage points at you and mumbles some strange words.
The bolt of lightning hits you! x2
* * * LOW HITPOINT WARNING * * *
Your ufetubus hits the deep elf mage.
Your ufetubus completely misses the deep elf mage.
The deep elf archer shoots an arrow.
The arrow barely misses you.
There is a staircase back to the Mines here.
You can't go down here!
The fire elemental hits your ufetubus. The fire elemental burns your ufetubus!
Your ufetubus is burned terribly!
Your ufetubus dies!
The deep elf mage gestures at you while chanting.
The bolt of lightning hits you!
You die...

# ####.#
......
######.8§...
##..eeeE§§...
#...e.eE§.§..
#.@(eeEE.....
#(....*§§.§..
##....E....§.
######.8....
...... ####.#
#


You could see 2 deep elf archers, 5 deep elf magi, 5 fire elementals and a
battlesphere.

Vanquished Creatures
  3 ogre magi (Orc:2)
  The ghost of ker the Thaumaturge, a journeyman DEWz of Vehumet (D:10)
  The ghost of rftp080 the Grappler, a novice TrFi of Xom (D:7)
  A hill giant (D:10)
  A deep elf mage (Elf:1)
  2 ugly things
  2 trolls (Orc:2)
  15 two-headed ogres
  A spriggan (D:8)
  12 yaks
  A vampire (D:10)
  Grum (D:9)
  2 hippogriffs
  A hungry ghost (D:5)
  A steam dragon (D:9)
  Menkaure (D:5)
  2 wargs
  2 insubstantial wisps (D:9)
  3 water moccasins
  5 ice beasts
  7 orc warriors
  2 phantoms (D:4)
  A black bear (D:7)
  An eye of draining (D:9)
  37 ogres
  4 sky beasts (D:9)
  2 centaurs
  2 wolves (D:9)
  Blork the orc (D:5)
  2 big kobolds
  4 giant frogs
  3 scorpions
  18 killer bees
  2 centaur zombies
  7 crimson imps
  A giant frog zombie (D:7)
  A quasit (D:10)
  4 jellies
  8 orc priests
  A gnoll shaman (D:9)
  7 hounds
  2 giant frog skeletons
  10 worker ants
  5 iguanas
  12 orc wizards
  A hound zombie (D:7)
  A worker ant zombie (D:6)
  10 adders
  11 gnolls
  3 shadow imps
  3 worms
  A dart slug (D:1)
  7 giant geckos
  44 orcs
  6 bats
  4 giant cockroaches
  7 goblins
  10 hobgoblins
  20 jackals
  9 kobolds
  A quokka (D:7)
  4 ball pythons
  4 giant newts
  A jackal skeleton (D:5)
  2 quokka skeletons (D:4)
  4 rats
  A fungus (Orc:2)
356 creatures vanquished.

Vanquished Creatures (collateral kills)
  An ogre mage (Orc:2)
  A hungry ghost (D:10)
  A sky beast (D:10)
  2 ogres
  A giant frog (D:8)
  An adder (D:10)
  An orc (Orc:2)
8 creatures vanquished.

Vanquished Creatures (others)
  A centaur (D:9)
  An orc (D:3)
  A kobold (D:9)
  A quokka (D:6)
  5 fungi (Orc:2)
9 creatures vanquished.

Grand Total: 373 creatures vanquished

Notes
Turn   | Place    | Note
--------------------------------------------------------------
     0 | Abyss:1  | Gargoyl the Demonspawn Abyssal Knight began the quest for the Orb.
     0 | Abyss:1  | Reached XP level 1. HP: 18/18 MP: 2/2
    57 | Abyss:2  | Noticed a wight
    57 | Abyss:2  | Noticed a wight
    59 | Abyss:2  | Noticed a wight
    60 | Abyss:2  | Noticed a tentacled starspawn
    60 | D:1      | Escaped the Abyss
    91 | D:1      | Reached skill level 1 in Dodging
   301 | D:1      | Reached skill level 2 in Armour
   301 | D:1      | Gained mutation: You have a pair of small horns on your head. [demonic ancestry]
   301 | D:1      | Reached XP level 2. HP: 24/24 MP: 3/3
   303 | D:1      | Reached * piety under Lugonu
   348 | D:1      | Found an iron altar of Okawaru.
   898 | D:2      | Gained mutation: Your flesh is cold resistant. [demonic ancestry]
   898 | D:2      | Reached XP level 3. HP: 29/29 MP: 4/4
   927 | D:2      | Found an ancient bone altar of Kikubaaqudgha.
   927 | D:2      | Found a blossoming altar of Fedhas.
   992 | D:2      | Found a snail-covered altar of Cheibriados.
  1373 | D:2      | Found a glowing silver altar of Zin.
  1405 | D:2      | Reached ** piety under Lugonu
  1648 | D:2      | Reached XP level 4. HP: 31/36 MP: 6/6
  2146 | D:3      | Reached skill level 3 in Armour
  2690 | D:3      | Reached skill level 1 in Shields
  2698 | D:3      | Reached XP level 5. HP: 35/42 MP: 7/7
  2719 | D:3      | Found a sacrificial altar of Ru.
  2881 | D:4      | Noticed a phantom
  2942 | D:4      | Killed a phantom
  3122 | D:4      | Gained mutation: You are partially covered in iridescent scales (AC +4). [demonic ancestry]
  3122 | D:4      | Reached XP level 6. HP: 43/48 MP: 8/8
  3293 | D:4      | Reached skill level 4 in Armour
  3847 | D:4      | Found a radiant altar of Vehumet.
  3848 | D:4      | Found a burning altar of Makhleb.
  4243 | D:4      | Gained mutation: You are mostly covered in iridescent scales (AC +6). [demonic ancestry]
  4243 | D:4      | Reached XP level 7. HP: 49/54 MP: 9/9
  4251 | D:5      | Entered Level 5 of the Dungeon
  4259 | D:5      | Found an iron altar of Okawaru.
  4272 | D:5      | Noticed Blork the orc
  4287 | D:5      | Killed Blork the orc
  4287 | D:5      | Reached skill level 5 in Armour
  4692 | D:5      | Noticed Menkaure
  4698 | D:5      | Gained mutation: Your body sometimes deteriorates upon taking damage. [potion of mutation]
  4698 | D:5      | Gained mutation: Your magical capacity is low (-10% MP). [potion of mutation]
  4698 | D:5      | Gained mutation: You have a pair of horns on your head. [potion of mutation]
  4714 | D:5      | Killed Menkaure
  4714 | D:5      | Reached *** piety under Lugonu
  4936 | D:5      | Gained mutation: You have sharp toenails. [potion of mutation]
  5331 | D:5      | Got a slimy hand axe
  5337 | D:5      | Identified the +4 hand axe of Uncomfortable Rashes {elec, rN+} (You found it on level 5 of the Dungeon)
  5743 | D:6      | Gained mutation: You are immune to freezing clouds. [demonic ancestry]
  5743 | D:6      | Reached XP level 8. HP: 61/61 MP: 9/9
  5769 | D:6      | Found Miqahedi's Magic Scroll Boutique.
  5774 | D:6      | Bought a scroll of teleportation for 30 gold pieces
  5774 | D:6      | Bought a scroll of teleportation for 30 gold pieces
  5896 | D:6      | Reached skill level 6 in Armour
  6324 | D:6      | Found a white marble altar of Elyvilon.
  6401 | D:6      | Found a staircase to the Ecumenical Temple.
  6483 | D:6      | Found a deep blue altar of Sif Muna.
  6528 | D:6      | Found a deep blue altar of Sif Muna.
  6534 | D:6      | Reached skill level 7 in Armour
  6579 | D:6      | Reached skill level 5 in Fighting
  6882 | D:7      | Noticed rftp080's ghost (novice TrFi)
  7173 | D:7      | Killed rftp080's ghost
  7173 | D:7      | Reached skill level 5 in Axes
  7173 | D:7      | Reached XP level 9. HP: 67/68 MP: 10/10
  7353 | D:7      | Reached skill level 5 in Shields
  7388 | D:7      | Reached **** piety under Lugonu
  7400 | D:7      | Reached skill level 8 in Armour
  8364 | D:8      | Noticed a cyan ugly thing
  8390 | D:8      | Killed a cyan ugly thing
  8390 | D:8      | Reached skill level 9 in Armour
  8390 | D:8      | Gained mutation: You are completely covered in iridescent scales (AC +8). [demonic ancestry]
  8390 | D:8      | Reached XP level 10. HP: 37/76 MP: 10/10
  8834 | D:9      | Gained mutation: You evolve. [mutagenic meat]
  9006 | D:9      | Noticed Grum
  9020 | D:9      | Killed Grum
  9020 | D:9      | Reached ***** piety under Lugonu
  9384 | D:9      | Gained mutation: Your spells are a little harder to cast, but a little more powerful. [evolution]
  9413 | D:9      | Found an oddly glowing altar of Pakellas.
  9460 | D:9      | Found a staircase to the Orcish Mines.
  9472 | D:9      | Found Eliom's Gadget Shoppe.
  9531 | D:9      | Bought a plain deck of wonders for 182 gold pieces
  9692 | D:9      | Reached skill level 1 in Stealth
 10212 | D:9      | Reached skill level 10 in Armour
 10726 | D:9      | Found a bloodstained altar of Trog.
 10849 | D:10     | Entered Level 10 of the Dungeon
 10913 | D:9      | Gained mutation: A weak demonic guardian rushes to your aid. [demonic ancestry]
 10913 | D:9      | Reached XP level 11. HP: 67/83 MP: 0/11
 11097 | D:10     | Noticed a hill giant
 11108 | D:10     | Killed a hill giant
 11312 | D:10     | Lost mutation: Your magical capacity is low (-10% MP). [evolution]
 11383 | D:10     | Noticed ker's ghost (journeyman DEWz)
 11387 | D:10     | Noticed a purple ugly thing
 11401 | D:10     | Killed ker's ghost
 11408 | D:10     | Killed a purple ugly thing
 12019 | Orc:1    | Entered Level 1 of the Orcish Mines
 12109 | Orc:1    | Reached ****** piety under Lugonu
 12322 | Orc:2    | Entered Level 2 of the Orcish Mines
 12322 | Orc:2    | Found a staircase to the Elven Halls.
 12747 | Orc:2    | Noticed an ogre mage
 12760 | Orc:2    | Noticed an ogre mage
 12760 | Orc:2    | Noticed an ogre mage
 12767 | Orc:2    | Noticed an ogre mage
 12772 | Orc:2    | Killed an ogre mage
 12772 | Orc:2    | Reached skill level 11 in Armour
 12780 | Orc:2    | Killed an ogre mage
 12781 | Orc:2    | Killed an ogre mage
 12785 | Orc:2    | Reached XP level 12. HP: 46/92 MP: 15/15
 12790 | Orc:2    | Killed an ogre mage
 12816 | Orc:2    | HP: 2/92 [two-headed ogre/giant club (17)]
 13277 | Orc:2    | Found Meerrai's Gadget Emporium.
 13277 | Orc:2    | Found Ucvan's Distillery.
 13287 | Orc:2    | Found Goschu's Assorted Antiques.
 13287 | Orc:2    | Found Biriasou's Magic Scroll Shoppe.
 13312 | Orc:2    | Bought a potion of haste for 170 gold pieces
 13312 | Orc:2    | Bought a potion of curing for 51 gold pieces
 13312 | Orc:2    | Bought a potion of curing for 51 gold pieces
 13312 | Orc:2    | Bought a potion of curing for 51 gold pieces
 13312 | Orc:2    | Bought a potion of agility for 68 gold pieces
 13312 | Orc:2    | Bought a potion of agility for 68 gold pieces
 13312 | Orc:2    | Bought a potion of agility for 68 gold pieces
 13317 | Orc:2    | Bought a scroll of teleportation for 45 gold pieces
 13773 | Elf:1    | Entered Level 1 of the Elven Halls
 13785 | Elf:1    | Killed from afar by a deep elf mage

Skill      XL: |  1  2  3  4  5  6  7  8  9 10 11 12 |
---------------+-------------------------------------+-----
Dodging        | 1 2 3 |  3.1
Armour         | 2 3 4 5 7 9 10 11 | 11.9
Axes           | 2 3 4 5 6 7 8 9 |  9.3
Shields        | 1 2 3 4 6 7 8 9 |  9.3
Fighting       | 4 5 6 7 8 |  8.4
Stealth        | 1 |  1.2
Invocations    | 4 |  4.1
Evocations     | |  0.2

Action                   |  1- 3 |  4- 6 |  7- 9 | 10-12 || total
-------------------------+-------+-------+-------+-------++-------
Melee: Hand axe          |   121 |   218 |   332 |   570 ||  1241
       Headbutt          |    12 |    45 |    55 |    94 ||   206
       Kick              |       |       |    66 |    17 ||    83
Throw: Tomahawk          |       |       |       |     1 ||     1
Invok: Depart the Abyss  |     1 |       |       |       ||     1
       Banish            |       |       |       |     2 ||     2
       Bend Space        |       |       |       |     1 ||     1
Evoke: Deck              |       |       |       |     2 ||     2
  Use: Potion            |       |       |    15 |     5 ||    20
       Scroll            |       |       |     9 |     8 ||    17
 Stab: Distracted        |       |       |       |     1 ||     1
  Eat: Chunk             |     3 |     6 |    12 |    18 ||    39
       Fruit             |       |     3 |       |     4 ||     7
       Meat ration       |       |       |     1 |     1 ||     2
       Pizza             |       |       |     1 |       ||     1
Armor: Leather armour    |     4 |       |       |       ||     4
       Ring mail         |    45 |    12 |       |       ||    57
       Plate armour      |       |    80 |   158 |   328 ||   566
Dodge: Dodged            |    47 |    35 |    55 |   122 ||   259
Block: Buckler           |    45 |    92 |   184 |   394 ||   715
       Reflection        |       |     3 |    12 |    12 ||    27
